 Dungeon Crawl Stone Soup version 0.27.1-2-g3b301248ec (webtiles) character file.

Game seed: 9074032146186924639

27994 ABBCCCDDDD the Frost Mage (level 13, -13/83 HPs)
             Began as an Octopode Abyssal Knight on Sept 23, 2021.
             Was a High Priest of Lugonu.
             Mangled by a seven-headed hydra (17 damage)
             ... on level 4 of the Lair of Beasts.
             The game lasted 00:49:32 (25008 turns).

ABBCCCDDDD the Frost Mage (OpAK)                   Turns: 25008, Time: 00:49:33

Health: -13/83     AC:  1    Str: 20    XL:     13   Next: 36%
Magic:  20/20      EV: 18    Int: 22    God:    Lugonu [*****.]
Gold:   715        SH:  6    Dex: 19    Spells: 9/22 levels left

rFire    . . .     SeeInvis +   W - +6 long sword of Focus {vorpal, rElec Int+4 SInv}
rCold    + . .     Faith    .   R - +0 buckler
rNeg     + . .     Spirit   .   P - +0 hat of Bicyll Laum {rCorr Slay+5}
rPois    +         Reflect  .   p - amulet of the acrobat
rElec    +         Harm     .   w - ring of poison resistance
rCorr    +         Rampage  .   O - +6 ring of dexterity
Will     .....                  V - +6 ring of strength
Stlth    +++++.....             X - ring of flight
HPRegen  0.23/turn              Y - ring of positive energy
MPRegen  0.17/turn              H - ring "Ammi" {rC+ EV+4}
                                S - ring of Ivoon {Drain Str+3 Slay+4 Stlth+}
                                (no ring)

@: flying
A: almost no armour, amphibious, 8 rings, camouflage 1, gelatinous body 1,
(nimble swimmer 1), tentacles
a: Renounce Religion, Depart the Abyss, Bend Space, Banish, Corrupt, Enter the
Abyss


You were on level 4 of the Lair of Beasts.
You worshipped Lugonu.
Lugonu was extremely pleased with you.
You visited 2 branches of the dungeon, and saw 17 of its levels.
You visited the Abyss 1 time.
You also visited: Sewer and Ossuary.

You collected 1165 gold pieces.
You spent 450 gold pieces at shops.

Inventory:

Hand Weapons
 K - a +1 falchion of protection
 Q - the +6 trident of Modesty {holy, rC+ rN+ Will- rCorr}
   (You found it on level 7 of the Dungeon)

   It has been blessed by the Shining One to cause great damage to the undead
   and demons.
   rC:        It protects you from cold.
   rN:        It protects you from negative energy.
   rCorr:     It protects you from acid and corrosion.
   Will:      It decreases your willpower.
 W - the +6 long sword of Focus (weapon) {vorpal, rElec Int+4 SInv}
   (You found it on level 10 of the Dungeon)

   It inflicts extra damage upon your enemies.
   Int:       It affects your intelligence (+4).
   rElec:     It insulates you from electricity.
   SInv:      It lets you see invisible.
Missiles
 a - a throwing net
 b - 13 boomerangs
 q - 61 poisoned darts (quivered)
 E - 5 curare-tipped darts
Armour
 P - the +0 hat of Bicyll Laum (worn) {rCorr Slay+5}
   (You acquired it on level 3 of the Lair of Beasts)

   Slay:      It affects your accuracy & damage with ranged weapons and melee
   (+5).
   rCorr:     It protects you from acid and corrosion.
 R - a +0 buckler (worn)
 Z - the +0 kite shield "Cuppim" {*Corrode +Inv rF++ Str+4}
   (You bought it in a shop on level 7 of the Dungeon)

   Str:       It affects your strength (+4).
   rF:        It greatly protects you from fire.
   +Inv:      It lets you turn invisible.
   *Corrode:  It may corrode you when you take damage.
Jewellery
 p - an amulet of the acrobat (around mantle)
 w - a ring of poison resistance (left tentacle)
 H - the ring "Ammi" (on tentacle) {rC+ EV+4}
   (You acquired it on level 3 of the Lair of Beasts)

   [ring of evasion]

   EV:        It affects your evasion (+4).
   rC:        It protects you from cold.
 O - a +6 ring of dexterity (right tentacle)
 S - the ring of Ivoon (on tentacle) {Drain Str+3 Slay+4 Stlth+}
   (You acquired it on level 3 of the Lair of Beasts)

   [ring of slaying]

   Str:       It affects your strength (+3).
   Slay:      It affects your accuracy & damage with ranged weapons and melee
   (+4).
   Drain:     It drains your maximum health when unequipped.
   Stlth:     It makes you more stealthy.
 V - a +6 ring of strength (on tentacle)
 X - a ring of flight (on tentacle)
 Y - a ring of positive energy (on tentacle)
Wands
 s - a wand of polymorph (1)
 u - a wand of iceblast (23)
 J - a wand of mindburst (2)
 M - a wand of paralysis (8)
 N - a wand of digging (5)
 U - a wand of flame (20)
Scrolls
 e - 2 scrolls of amnesia
 g - a scroll of torment
 j - 6 scrolls of magic mapping
 l - 3 scrolls of noise
 m - 8 scrolls of enchant weapon
 n - 8 scrolls of teleportation
 v - a scroll of enchant armour
 x - a scroll of vulnerability
 y - 5 scrolls of fog
 G - 2 scrolls of blinking
 L - a scroll of brand weapon
 T - a scroll of summoning {unknown}
Potions
 c - 4 potions of degeneration
 d - 11 potions of ambrosia
 f - 3 potions of might {unknown}
 h - 3 potions of haste
 i - 4 potions of curing
 k - 3 potions of lignification
 o - 2 potions of magic {unknown}
 z - 6 potions of heal wounds
 A - 5 potions of flight {unknown}
 B - 4 potions of invisibility {unknown}
 C - 2 potions of berserk rage {unknown}
 D - 5 potions of brilliance {unknown}
 F - 4 potions of mutation {unknown}
 I - a potion of experience {unknown}
Miscellaneous
 r - a box of beasts


   Skills:
 - Level 6.0 Fighting
 + Level 9.6 Long Blades
 - Level 2.3 Dodging
 - Level 5.0 Stealth
 - Level 4.0 Shields
 - Level 3.0 Unarmed Combat
 - Level 5.0 Spellcasting
 - Level 5.0 Conjurations
 - Level 5.0 Transmutations
 - Level 10.0 Ice Magic
 - Level 6.0 Earth Magic
 - Level 9.1 Invocations
 - Level 9.0 Evocations


You had 9 spell levels left.
You knew the following spells:

 Your Spells              Type           Power      Damage    Failure   Level
a - Frozen Ramparts       Ice            98%        1d11      1%          3
b - Ice Form              Ice/Tmut       38%        N/A       4%          4
c - Ozocubu's Armour      Ice            49%        N/A       1%          3
d - Stone Arrow           Conj/Erth      58%        3d10      3%          3

Your spell library contained the following spells:

 Spells                   Type           Power      Damage    Failure   Level
 Beastly Appendage        Tmut           54%        N/A       1%          1
 Wereblood                Tmut           27%        N/A       1%          2
 Spider Form              Tmut/Pois      8%         N/A       11%         3
 Summon Ice Beast         Ice/Summ       27%        N/A       13%         4
 Lee's Rapid Deconstruct  Erth           15%        3d11*     24%         5
 Leda's Liquefaction      Hex/Erth       9%         N/A       28%         4
 Call Canine Familiar     Summ           5%         N/A       30%         3
 Portal Projectile        Hex/Tloc       10%        N/A       30%         3
 Fulminant Prism          Conj/Hex       8%         3d7       34%         4
 Iskenderun's Mystic Bla  Conj/Tloc      16%        2d5       34%         4
 Ozocubu's Refrigeration  Ice            24%        4d9       80%         7
 Lehudib's Crystal Spear  Conj/Erth      14%        10d5      100%        8
 Animate Armour           Summ/Erth      Unusable   N/A       N/A         4

Dungeon Overview and Level Annotations

Branches:
Dungeon (13/15)            Temple (0/1) D:5            Lair (4/6) D:11
  Swamp (0/4) Lair:3        Snake (0/4) Lair:3          Orc (0/2) D:10
  Sewer (visited)         Ossuary (visited)
 Vaults: D:13-14

Altars:
Gozag
Sif Muna
Wu Jian
Zin

Shops:
D:3 (   D:7 [   D:9 *(   D:10 *

Annotations:
D:2 Sigmund
D:3 Terence
D:4 Edmund, Pikel
D:5 1 runed translucent door, Crazy Yiuf
D:6 exclusion: centaur
D:7 exclusion: centaur
D:10 Joseph
D:11 exclusion: downstairs


Innate Abilities, Weirdness & Mutations

You cannot wear most types of armour.
You are amphibious.
You can wear up to eight rings at the same time.
Your skin changes colour to match your surroundings (Stealth+).
Your rubbery body absorbs attacks. (AC +1, EV +1)
((You are camouflaged near water. (Stealth+)))
You have tentacles for arms and can constrict up to eight enemies at once.


Message History

Press: ? - help, Shift-Dir - straight line, f/p - seven-headed hydra
Aim: a seven-headed hydra (chance to affect: 57%)
The seven-headed hydra resists with significant effort.
The seven-headed hydra bites you! x2
You block the seven-headed hydra's attack.
The seven-headed hydra bites you!
You block the seven-headed hydra's attack.
The seven-headed hydra barely misses you.
The seven-headed hydra closely misses you.
There is a stone staircase leading up here.
Being near the torpor snail leaves you feeling lethargic.
The seven-headed hydra completely misses you.
The seven-headed hydra bites you.
You block the seven-headed hydra's attack.
The seven-headed hydra closely misses you.
You block the seven-headed hydra's attack.
The seven-headed hydra closely misses you.
The seven-headed hydra completely misses you.
You feel yourself speed up. The seven-headed hydra bites you!
The seven-headed hydra misses you.
You block the seven-headed hydra's attack.
The seven-headed hydra completely misses you. x2
You block the seven-headed hydra's attack.
The seven-headed hydra bites you!
As you read the scroll of fear, it crumbles to dust.
You assume a fearsome visage.
The seven-headed hydra resists with some effort.
The seven-headed hydra barely misses you.
You riposte.
You slice the seven-headed hydra!! You squeeze the seven-headed hydra!
The seven-headed hydra is severely wounded.
The seven-headed hydra bites you!
* * * LOW HITPOINT WARNING * * *
You block the seven-headed hydra's attack.
The seven-headed hydra bites you!
* * * LOW HITPOINT WARNING * * *
The seven-headed hydra barely misses you.
The seven-headed hydra closely misses you.
The seven-headed hydra bites you!
You die...

##..### #.. #...#.#
#.. #....## ##. #####
##.....# #. #...##
##......## #. ##....#
#........###. #....##
##...[....###
##.....###..........#
#....@###...........##
#....D# ##..........#.
##....# #............
#.....# ##....>.....P#
#.....# #....w....<...
##....# #.........####
##...####......#..###
#..#..#.#....##.####.
#####...#..P.#####...


You could see a seven-headed hydra.

Levels and vault maps discovered:
D:1:      minmay_arrival_stone_box, layout_basic, basic_ecumenical_altar,
          fountainhead
D:2:      layout_loops_ring, nrook_loot_triangle, uniq_sigmund
D:3:      layout_rooms, serial_shops, shop, uniq_robin, uniq_terence
D:4:      layout_cave_pools, enter_ossuary_2, minivault_25, uniq_edmund,
          uniq_pikel
D:5:      layout_rooms, mainiacjoe_overflow_alcove_1,
          mainiacjoe_overflow_brackets, temple_pool_b,
          cheibrodos_sewer_entry_sluice, uniq_crazy_yiuf_cottage
D:6:      layout_cave_pools, lemuel_crystal_altar, mainiacjoe_overflow_24_doors
D:7:      layout_basic, serial_shops, shop, uniq_duvessa
D:8:      layout_basic, serial_bayou_lagoon_a
D:9:      layout_roguey, serial_shops, shop_fountains,
          nicolae_inconvenience_store
D:10:     layout_small_grid, erik_orc_4, hangedman_decor_growths,
          nicolae_transmutations_shop, uniq_joseph
D:11:     layout_roguey, grunt_lair_entry_orc_guard_hut, grunt_tough_drop
D:12:     layout_loops_ring, elves_outpost_lemuel, uniq_erolcha, uniq_psyche
D:13:     layout_cave_pools, jiyva_altar_1, uniq_snorg
Lair:1:   layout_cave_shapes, special_room [special_room_bee],
          chequers_serial_rivers_micro_e
Lair:2:   minmay_lair_venomous_thicket, layout_long_grid, wad_woods_road_01,
          grunt_megastairs_5
Lair:3:   layout_big_grid, minmay_swamp_entry_worms, dummy_snake_entry,
          hangedman_lair_unloving_vines, minivault_27, grunt_megastairs_4,
          uniq_fannar
Lair:4:   layout_cave_pods, grunt_megastairs_1

Notes
Turn   | Place    | Note
-------+----------+-------------------------------------------
     0 | Abyss:1  | ABBCCCDDDD the Octopode Abyssal Knight began the quest for
                  | the Orb.
     0 | Abyss:1  | Reached XP level 1. HP: 16/16 MP: 2/2
    54 | Abyss:2  | Noticed an ancient zyme
   162 | Abyss:3  | Noticed a tentacled starspawn
   163 | D:1      | Escaped the Abyss
   306 | D:1      | Reached * piety under Lugonu
   463 | D:1      | Reached XP level 2. HP: 21/21 MP: 3/3
   976 | D:1      | Found a faded altar of an unknown god.
  1017 | D:1      | Reached XP level 3. HP: 26/26 MP: 4/4
  1097 | D:2      | Noticed Sigmund
  1278 | D:2      | Reached ** piety under Lugonu
  1973 | D:2      | Reached skill level 1 in Stealth
  2097 | D:2      | Reached XP level 4. HP: 32/32 MP: 6/6
  2149 | D:3      | Noticed Terence
  3069 | D:3      | Noticed a necrophage
  3086 | D:2      | Killed a necrophage
  3087 | D:2      | Reached XP level 5. HP: 14/37 MP: 7/7
  4111 | D:3      | Found Titharej's Antique Weapon Boutique.
  4116 | D:3      | Identified the +1 helmet of Daisies {Stlth+}
  4116 | D:3      | Noticed Robin
  4136 | D:3      | Reached XP level 6. HP: 34/43 MP: 9/9
  4247 | D:3      | Learned a level 3 spell: Frozen Ramparts
  4294 | D:3      | Killed Robin
  4731 | D:4      | Found a sand-covered staircase.
  4736 | Ossuary  | Entered an ossuary
  5299 | Ossuary  | Reached skill level 1 in Ice Magic
  5336 | Ossuary  | Reached skill level 1 in Spellcasting
  5336 | Ossuary  | Reached XP level 7. HP: 31/49 MP: 10/10
  5470 | Ossuary  | Reached *** piety under Lugonu
  5745 | Ossuary  | Reached skill level 2 in Ice Magic
  5839 | D:4      | Noticed Edmund
  5866 | D:4      | Noticed Pikel
  5919 | D:5      | Entered Level 5 of the Dungeon
  5932 | D:5      | Found a staircase to the Ecumenical Temple.
  5960 | D:4      | Reached skill level 5 in Fighting
  5960 | D:4      | Reached skill level 5 in Invocations
  6097 | D:5      | Reached skill level 5 in Stealth
  6179 | D:5      | Reached XP level 8. HP: 44/55 MP: 11/11
  6236 | D:5      | Reached skill level 3 in Ice Magic
  6270 | D:5      | Found a glowing drain.
  6280 | Sewer    | Entered a sewer
  6995 | Sewer    | Reached **** piety under Lugonu
  7736 | D:5      | Found a runed translucent door.
  7737 | D:5      | Noticed Crazy Yiuf
  7817 | D:5      | Found an opulent altar of Gozag.
  8165 | D:5      | Found an ornate altar of the Wu Jian Council.
  8238 | D:6      | Found a shimmering blue altar of Sif Muna.
  8500 | D:6      | Reached skill level 4 in Ice Magic
  9027 | D:6      | Found a glowing silver altar of Zin.
  9755 | D:7      | Reached skill level 1 in Evocations
 10197 | D:7      | Reached XP level 9. HP: 34/60 MP: 11/14
 10347 | D:7      | Learned a level 4 spell: Ice Form
 10495 | D:7      | Found Qemaecs's Antique Armour Shop.
 11119 | D:7      | Noticed Dowan
 11147 | D:7      | Noticed Duvessa
 11158 | D:7      | Killed Duvessa
 11159 | D:7      | Killed Dowan
 11160 | D:7      | Reached skill level 5 in Ice Magic
 11570 | D:7      | You fall into a shaft and drop 3 floors!
 11570 | D:10     | Entered Level 10 of the Dungeon
 11585 | D:10     | Found Jezexi's Changing Room.
 11593 | D:10     | Bought a potion of lignification for 45 gold pieces
 12318 | D:7      | Identified the +6 trident of Modesty {holy, rC+ rN+ Will-
                  | rCorr}
 12737 | D:7      | Identified the +0 scale mail of the Will of the Gods {rElec
                  | MP+9 Str-2}
 13023 | D:8      | Reached skill level 5 in Evocations
 14256 | D:9      | Reached skill level 1 in Shields
 14256 | D:9      | Reached skill level 1 in Transmutations
 14433 | D:9      | Reached skill level 1 in Long Blades
 14545 | D:9      | Noticed a troll
 14550 | D:9      | Killed a troll
 14554 | D:9      | Reached XP level 10. HP: 50/68 MP: 13/16
 14680 | D:9      | Learned a level 3 spell: Ozocubu's Armour
 14892 | D:9      | Found Kin Qyuj's Weapon Shoppe.
 15279 | D:9      | Found Xaorragy's Assorted Antiques.
 15283 | D:9      | Bought a glowing moonstone ring for 120 gold pieces
 15334 | D:9      | Reached ***** piety under Lugonu
 15728 | D:10     | Identified the +6 long sword of Focus {vorpal, rElec Int+4
                  | SInv}
 16250 | D:10     | Reached skill level 6 in Ice Magic
 16343 | D:10     | Found a staircase to the Orcish Mines.
 16527 | D:10     | Noticed Joseph
 16612 | D:10     | Noticed a manticore
 16639 | D:10     | Killed a manticore
 17186 | D:11     | Reached XP level 11. HP: 72/72 MP: 11/17
 17191 | D:11     | Found a staircase to the Lair.
 17291 | D:11     | Noticed a green ugly thing
 17301 | D:11     | Killed a green ugly thing
 17649 | D:11     | Noticed a two-headed ogre
 17661 | D:11     | Killed a two-headed ogre
 17662 | D:11     | Reached skill level 5 in Spellcasting
 17662 | D:11     | Reached skill level 7 in Ice Magic
 17986 | D:11     | Noticed a manticore
 17987 | D:11     | Noticed a manticore
 17987 | D:11     | Noticed a cyclops
 18063 | D:12     | Noticed a deep elf zephyrmancer
 18063 | D:12     | Noticed a deep elf zephyrmancer
 18063 | D:12     | Noticed a deep elf pyromancer
 18064 | D:12     | Noticed a deep elf zephyrmancer
 18064 | D:12     | Noticed a deep elf pyromancer
 18064 | D:12     | Noticed a deep elf zephyrmancer
 18277 | D:7      | Bought a faintly glowing kite shield for 285 gold pieces
 18277 | D:7      | Identified the +0 kite shield "Cuppim" {*Corrode +Inv rF++
                  | Str+4} (You bought it in a shop on level 7 of the Dungeon)
 18382 | Lair:1   | Entered Level 1 of the Lair of Beasts
 18458 | Lair:1   | Reached skill level 5 in Long Blades
 18458 | Lair:1   | Reached skill level 5 in Transmutations
 18708 | Lair:1   | Learned a level 3 spell: Stone Arrow
 19121 | Lair:1   | Reached skill level 1 in Conjurations
 19133 | Lair:1   | Reached skill level 1 in Earth Magic
 20613 | Lair:2   | Noticed a six-headed hydra
 20942 | Lair:1   | Killed a six-headed hydra
 20943 | Lair:1   | Reached skill level 8 in Ice Magic
 21008 | Lair:1   | Reached XP level 12. HP: 79/79 MP: 11/19
 22163 | Lair:3   | Found a staircase to the Swamp.
 22292 | Lair:3   | Found a staircase to the Snake Pit.
 22293 | Lair:3   | Noticed a seven-headed hydra
 22358 | Lair:3   | Killed a seven-headed hydra
 22535 | Lair:3   | Identified 3 scrolls of acquirement
 22536 | Lair:3   | Acquired the +0 hat of Bicyll Laum {rCorr Slay+5}
 22543 | Lair:3   | Acquired the ring "Ammi" {rC+ EV+4}
 22547 | Lair:3   | Acquired the ring of Ivoon {Drain Str+3 Slay+4 Stlth+}
 22563 | Lair:3   | Noticed Fannar
 22591 | Lair:3   | Killed Fannar
 22965 | Lair:3   | Noticed a six-headed hydra
 22985 | Lair:3   | Killed a six-headed hydra
 23238 | Lair:3   | Noticed a five-headed hydra
 23241 | Lair:3   | Banished a five-headed hydra
 23242 | Lair:3   | Reached skill level 9 in Ice Magic
 23297 | Lair:3   | Noticed a death yak
 23298 | Lair:3   | Noticed a death yak
 23299 | Lair:3   | Noticed a death yak
 23301 | Lair:3   | Noticed a death yak
 23357 | Lair:3   | Killed a death yak
 23358 | Lair:3   | Reached skill level 5 in Earth Magic
 23563 | Lair:3   | Reached skill level 5 in Conjurations
 23640 | Lair:3   | Killed a death yak
 23640 | Lair:3   | Noticed a death yak
 23641 | Lair:3   | Noticed a death yak
 23645 | Lair:3   | Killed a death yak
 23648 | Lair:3   | Killed a death yak
 23651 | Lair:3   | Killed a death yak
 23652 | Lair:3   | Reached XP level 13. HP: 59/83 MP: 12/20
 24285 | Lair:4   | Reached skill level 10 in Ice Magic
 25008 | Lair:4   | HP: 4/83 [seven-headed hydra (15)]
 25008 | Lair:4   | Mangled by a seven-headed hydra

Table legend: (Time is in decaauts)
 A = Elapsed time spent in this place.
 B = Non-inter-level travel time spent in this place.
 C = Inter-level travel time spent in this place.
 D = Time resting spent in this place.
 E = Time spent auto-exploring this place.
 F = Levels seen in this place.
 G = Mean time per level.
                   A        B        C        D        E       F      G
               +--------+--------+--------+--------+--------+-----+--------+
         Total |  25013 |  24097 |    916 |   9260 |   9586 |  22 | 1137.0 |
       Dungeon |  16011 |  15234 |    777 |   6173 |   6125 |  13 | 1231.6 |
          Lair |   6580 |   6442 |    138 |   2464 |   2784 |   4 | 1645.0 |
         Abyss |    162 |    162 |      0 |      0 |    142 |   3 |   54.0 |
         Sewer |   1190 |   1190 |      0 |    439 |    535 |   1 | 1190.0 |
       Ossuary |   1068 |   1068 |      0 |    184 |      0 |   1 | 1068.0 |
               +--------+--------+--------+--------+--------+-----+--------+

Top non-repeatable levels by time:
     D:7: 2749 daAuts
     D:2: 2495 daAuts
  Lair:1: 2274 daAuts
  Lair:3: 1939 daAuts
    D:10: 1771 daAuts
     D:9: 1575 daAuts
     D:8: 1502 daAuts
  Lair:2: 1365 daAuts
     D:5: 1352 daAuts
   Sewer: 1190 daAuts
    D:11: 1134 daAuts
     D:6: 1078 daAuts
 Ossuary: 1068 daAuts
  Lair:4: 1000 daAuts
     D:3: 961 daAuts

Table legend:
 A = Kills in this place as a percentage of kills in entire the game.
 B = Kills by you in this place as a percentage of kills by you in the entire game.
 C = Kills by friends in this place as a percentage of kills by friends in the entire game.
 D = Other kills in this place as a percentage of other kills in the entire game.
 E = Experience gained in this place as a percentage of experience gained in the entire game.
 F = Experience gained in this place divided by the number of levels of this place that you have seen.
                   A       B       C       D       E      F
               +-------+-------+-------+-------+-------+----------------------
         Total | 100.0 | 100.0 |   N/A | 100.0 | 100.0 | 1817.8
       Dungeon |  58.8 |  58.9 |   N/A |   0.0 |  27.5 | 846.2
          Lair |  25.1 |  24.9 |   N/A | 100.0 |  70.7 | 7068.0
         Sewer |  12.1 |  12.1 |   N/A |   0.0 |   0.6 | 236.0
       Ossuary |   4.0 |   4.0 |   N/A |   0.0 |   1.2 | 484.0
               +-------+-------+-------+-------+-------+----------------------

Action                   |  1- 3 |  4- 6 |  7- 9 | 10-12 | 13-15 || total
-------------------------+-------+-------+-------+-------+-------++-------
Melee: Unarmed           |   117 |   140 |   352 |   102 |       ||   711
       Tentacles         |    25 |    34 |    91 |   105 |    15 ||   270
       Constrict         |    27 |    34 |    84 |    49 |     3 ||   197
       Punch             |       |     6 |     8 |    12 |     4 ||    30
       Falchion          |       |       |    30 |   235 |       ||   265
       Long sword        |       |       |       |    27 |    46 ||    73
Throw: Dart              |       |    13 |    55 |    46 |     3 ||   117
 Cast: Frozen Ramparts   |       |       |    36 |    59 |     8 ||   103
       Ozocubu's Armour  |       |       |       |    45 |     9 ||    54
       Ice Form          |       |       |       |    13 |       ||    13
       Stone Arrow       |       |       |       |     5 |       ||     5
Invok: Depart the Abyss  |     1 |       |       |       |       ||     1
       Banish            |       |       |       |     6 |     2 ||     8
Evoke: Wand              |       |       |    11 |    19 |       ||    30
       Box of beasts     |       |       |       |     1 |       ||     1
  Use: Scroll            |       |       |    13 |     7 |     1 ||    21
       Potion            |       |       |     1 |     2 |       ||     3
 Stab: Sleeping          |     7 |     3 |    13 |       |       ||    23
       Distracted        |       |     1 |       |       |     1 ||     2
Armor: Skin              |    12 |     2 |    31 |   123 |     5 ||   173
Dodge: Dodged            |    73 |    89 |   263 |   259 |    32 ||   716
Block: Buckler           |       |       |       |    76 |    12 ||    88
       Rpst.: Falchion   |       |       |     7 |    41 |       ||    48
       Long sword        |       |       |       |     3 |     8 ||    11

Vanquished Creatures
  Fannar (Lair:3)
  3 hydras
  A two-headed ogre (D:11)
  8 death yaks
  An ugly thing (D:11)
  A wolf spider (Lair:2)
  A manticore (D:10)
  3 elephants (Lair:4)
  2 black mambas
  2 rime drakes
  4 komodo dragons
  4 cane toads
  A tengu conjurer (D:11)
  2 trolls (D:9)
  A queen bee (Lair:1)
  A polar bear (Lair:1)
  3 blink frogs (Lair:4)
  3 wyverns
  27 yaks
  A basilisk (Lair:3)
  A steam dragon (Lair:3)
  2 vampire mosquitoes (D:11)
  5 water moccasins
  Duvessa (D:7)
  6 orc warriors
  A black bear (D:5)
  A necrophage (D:2)
  An ogre (D:5)
  10 wolves
  3 centaurs
  A phantom (D:5)
  7 kobold brigands
  4 elf zombies (Ossuary)
  8 bullfrogs
  A gnoll sergeant (D:7)
  2 scorpions (D:11)
  Dowan (D:7)
  17 killer bees (Lair:1)
  11 wights
  An electric eel (D:8)
  3 howler monkeys
  4 centaur zombies
  2 jellies
  7 orc priests
  2 bullfrog skeletons
  A centaur skeleton (D:5)
  An iguana (D:5)
  15 orc wizards
  A killer bee zombie (D:9)
  A hound zombie (Ossuary)
  A hound skeleton (D:4)
  4 mummies (Ossuary)
  Robin (D:3)
  5 gnolls (D:7)
  12 adders
  A howler monkey skeleton (D:5)
  5 river rats (Sewer)
  A shadow imp (D:5)
  An ufetubus (D:5)
  An adder zombie (Ossuary)
  3 adder skeletons
  2 worms
  32 orcs
  9 endoplasms
  3 giant cockroaches
  2 gnoll zombies (Ossuary)
  16 goblins
  7 hobgoblins
  7 jackals
  A quokka (D:1)
  8 ball pythons
  6 bats
  6 frilled lizards
  2 goblin zombies (Ossuary)
  A hobgoblin zombie (Ossuary)
  43 kobolds
  25 rats
  A rat zombie (Ossuary)
397 creatures vanquished.

Vanquished Creatures (others)
  42 fungi
  134 plants
176 creatures vanquished.

Grand Total: 573 creatures vanquished
